 Dungeon Sprint DCSS version 0.17-a0-1181-gabc46e6 (webtiles) character file.

442147 nuthulu the Minotaur Barricade (level 17, 191/191 HPs)
             Began as a Minotaur Fighter on May 31, 2015.
             Was the Champion of Cheibriados.
             Escaped with the Orb!
             The game lasted 00:27:42 (3340 turns).

nuthulu the Minotaur Barricade (Minotaur Fighter)   Turns: 3340, Time: 00:27:42

Health: 191/191    AC: 45    Str: 47    XL:     17   Next: 90%
Magic:  48/48      EV: 41    Int: 31    God:    Cheibriados [******]
Gold:   0          SH: 41    Dex: 31    Spells: 0 memorised, 16 levels left

rFire  + . .     SeeInvis .     I - +6 shillelagh "Devastator" {shatter}
rCold  + + .     Clarity  .     J - +15 Maxwell's patent armour {-Cast -Tele rElec MR+ rCorr}
rNeg   + + +     SustAt   .     K - +8 large shield {reflect}
rPois  +         Gourm    .     Y - -2 hat of the Alchemist {rElec rPois rF+ rC+ rN+ MR+ rMut rCorr}
rElec  +         Spirit   +     a - +2 cloak "Tuotau Feirgh" {rN+}
rCorr  +         Warding  .     U - +1 pair of gloves of Weminn {rN+ rCorr Dex+4}
rMut   +         NoTele   +     q - +0 pair of boots of Gallantry {rPois rN+ Str+6 Stlth-}
MR     +++++     NoCast   +     Q - amulet "Otruc" {Spirit *Contam Str+3 Int+4 Stlth+}
Stlth  ..........               b - ring of the Elephant {-Tele rPois MR++ MP+9 Int+3}
                                N - ring of the Octopus King {MP+9 AC+1 EV+1 Str+1 Int+1 Dex+1}

@: studying 3 skills, very slow, almost entirely resistant to hostile
enchantments, extremely unstealthy
A: retaliatory headbutt, horns 2, repulsion field 1, cold resistance 1,
deterioration 1, weak 1
a: Bend Time, Temporal Distortion, Slouch, Step From Time, Renounce Religion
0: Orb of Zot


You escaped.
You worshipped Cheibriados.
Cheibriados was exalted by your worship.
You were full.

You visited 1 branch

Inventory:

Hand weapons
 I - the +6 shillelagh "Devastator" (weapon) {shatter}
   (You found it in the Dungeon)
Armour
 a - the +2 cloak "Tuotau Feirgh" (worn) {rN+}
   (You found it in the Dungeon)

   It protects you from negative energy.
 q - the +0 pair of boots of Gallantry (worn) {rPois rN+ Str+6 Stlth-}
   (You found it in the Dungeon)

   It affects your strength (+6).
   It protects you from poison.
   It protects you from negative energy.
   It makes you less stealthy.
 J - the +15 Maxwell's patent armour (worn) {-Cast -Tele rElec MR+ rCorr}
   (You found it in the Dungeon)

   It insulates you from electricity.
   It affects your resistance to hostile enchantments.
   It prevents spellcasting.
   It prevents most forms of teleportation.
   It protects you from acid and corrosion.
 K - a +8 large shield of reflection (worn)
 U - the +1 pair of gloves of Weminn (worn) {rN+ rCorr Dex+4}
   (You found it in the Dungeon)

   It affects your dexterity (+4).
   It protects you from negative energy.
   It protects you from acid and corrosion.
 Y - the -2 hat of the Alchemist (worn) {rElec rPois rF+ rC+ rN+ MR+ rMut rCorr}
   (You found it in the Dungeon)

   It protects you from fire.
   It protects you from cold.
   It insulates you from electricity.
   It protects you from poison.
   It protects you from negative energy.
   It affects your resistance to hostile enchantments.
   It protects you from acid and corrosion.
   It protects you from mutation.
Jewellery
 b - the ring of the Elephant (right hand) {-Tele rPois MR++ MP+9 Int+3}
   (You found it in the Dungeon)

   [ring of intelligence]

   It affects your intelligence (+3).
   It protects you from poison.
   It affects your resistance to hostile enchantments.
   It affects your magic capacity (+9).
   It prevents most forms of teleportation.
 t - the ring "Betashragg" {rPois MP+9 Str+3}
   (You found it in the Dungeon)

   [ring of magical power]

   It affects your strength (+3).
   It protects you from poison.
   It affects your magic capacity (+9).
 C - the cursed ring "Qeadeegg" {*Confuse rElec EV-2 Dex+4}
   (You found it in the Dungeon)

   [ring of evasion]

   It affects your evasion (-2).
   It affects your dexterity (+4).
   It insulates you from electricity.
   It may confuse you when you take damage.
   It has a curse placed upon it.
 D - a +6 ring of dexterity
 F - a +6 ring of intelligence
 G - a +6 ring of strength
 H - a +6 ring of strength
 L - the ring "Usac Vei" {rPois Str+9}
   (You found it in the Dungeon)

   [ring of poison resistance]

   It affects your strength (+9).
   It protects you from poison.
 N - a ring of the Octopus King (left hand) {MP+9 AC+1 EV+1 Str+1 Int+1 Dex+1}
   (You found it in the Dungeon)

   [ring of magical power]

   It affects your AC (+1).
   It affects your evasion (+1).
   It affects your strength (+1).
   It affects your intelligence (+1).
   It affects your dexterity (+1).
   It affects your magic capacity (+9).
 O - the ring "Itorarph" {rPois Str+3}
   (You found it in the Dungeon)

   [ring of poison resistance]

   It affects your strength (+3).
   It protects you from poison.
 P - an uncursed ring of ice
 Q - the amulet "Otruc" (around neck) {Spirit *Contam Str+3 Int+4 Stlth+}
   (You found it in the Dungeon)

   [amulet of guardian spirit]

   It causes incoming damage to be split between your health and magic.
   It affects your strength (+3).
   It affects your intelligence (+4).
   It causes magical contamination when unequipped.
   It makes you more stealthy.
 T - the ring of Lies {+Fly rC+ Int+4}
   (You found it in the Dungeon)

   [ring of protection from cold]

   It affects your intelligence (+4).
   It protects you from cold.
   It lets you fly.
 V - the ring "Tositwy" {Wiz rF+ Stlth+}
   (You found it in the Dungeon)

   [ring of wizardry]

   It improves your spell success rate.
   It protects you from fire.
   It makes you more stealthy.
 W - the amulet "Qunwottu" {+Inv Regen+ Str-5 Dex+8}
   (You found it in the Dungeon)

   [amulet of regeneration]

   It affects your strength (-5).
   It affects your dexterity (+8).
   It lets you turn invisible.
   It increases your rate of regeneration.
 X - the ring "Giriol" {EV+1 Dex+4 Stlth+}
   (You found it in the Dungeon)

   [ring of evasion]

   It affects your evasion (+1).
   It affects your dexterity (+4).
   It makes you more stealthy.
Magical devices
 o - a wand of disintegration (7)
 y - a wand of fire (5)
 A - a wand of cold (5)
 B - a wand of draining (5)
Scrolls
 k - 4 scrolls of blinking
 r - 4 scrolls of recharging
 s - 7 scrolls of fog
 u - 4 scrolls of identify
 v - 4 scrolls of remove curse
 w - 2 scrolls of fear
 E - 2 scrolls of enchant armour
 R - 4 scrolls of enchant weapon
 Z - 9 scrolls of brand weapon
Potions
 d - 7 potions of might
 f - 10 potions of curing
 g - 4 potions of heal wounds
 h - 8 potions of haste
 i - 2 potions of magic
 j - 3 potions of berserk rage
 l - a potion of brilliance
 m - 2 potions of invisibility
 n - 4 potions of resistance
 p - 5 potions of agility
Books
 c - a manual of Stealth
 M - a manual of Short Blades
 S - a manual of Spellcasting
Comestibles
 e - 5 bread rations
 x - 42 fruits
 z - 3 meat rations


   Skills:
 O Level 27 Fighting
 O Level 27 Maces & Flails
 + Level 0.2 Throwing
 O Level 27 Armour
 O Level 27 Dodging
 + Level 1.0 Stealth
 O Level 27 Shields
 + Level 0.4 Spellcasting
 - Level 21.2 Invocations
 + Level 0.1 Evocations


You had 16 spell levels left.
You didn't know any spells.

Dungeon Overview and Level Annotations

Branches:
Dungeon (1/1)

Altars:
Ashenzari
Cheibriados
Dithmenos
Elyvilon
Fedhas
Gozag
Kikubaaqudgha
Makhleb
Nemelex Xobeh
Okawaru
Qazlal
Ru
Sif Muna
Trog
Vehumet
Xom
Yredelemnul
Zin
The Shining One
Beogh
Jiyva
Lugonu


Innate Abilities, Weirdness & Mutations

You reflexively headbutt those who attack you in melee.
You have a pair of horns on your head.
You are surrounded by a mild repulsion field (EV +2).
Your flesh is cold resistant.
Your body sometimes deteriorates upon taking damage.
You are weak. (Str -2)


Message History

You see here the ring "Raylujo" {+Inv Str+4 Stlth-}.
You see here the +8 trident of Premature Burial {holy, -Tele rElec Str+4 SInv}.
You see here a book of Clouds.
You see here a wand of hasting (3).
You see here the cursed +2 hand axe of the Unseen Realm {chop, +Blink}.
You see here a +1 war axe of distortion.
You start resting.
You start resting.
HP restored.
You start waiting.
An exit appears before you!
Your surroundings seem different!
Found the Orb of Zot.
Found a staircase leading out of the dungeon.
You see here the Orb of Zot.
You pick up the Orb of Zot!
The Orb lets out a hideous shriek!
The lords of Pandemonium are not amused.
Beware!
Cheibriados tells them not to hurry.
Now all you have to do is get back out of the dungeon!
There is a staircase leading out of the dungeon here.
You have escaped!

.)..."......▓..▓.......▓..▓...8©8
............▓.▓.▓.....▓.▓.▓..)[):
............▓..▓.......▓..▓..}..:
............▓.............▓......
............▓.............▓......
............▓▓▓▓▓▓▓▓▓▓▓▓▓▓▓......
▓.......▓...▓8888888888888▓....†.
.▓.....▓.▓..▓8...........8▓..▓..†
▓.......▓...▓8..@........8▓......
............▓8...........8▓......
............▓8888888888888▓▓▓▓▓▓▓
▓▓▓▓▓▓▓▓▓▓▓▓▓▓▓▓▓▓▓▓▓▓▓▓▓▓▓▓▓▓▓▓▓
.....8©8........▓........8©8..=..
..}})}::)).}[:[.▓.))[:}|[=).:[.:[
.|:}:.:})}}}.}..▓.})|=)").::)||:)
|).))))}))=)P)).▓.::)"\|)[)}))"::
.))).))).))).)..▓.......:}==|....


There were no monsters in sight!

Vanquished Creatures
  An orb of fire (D)
  2 shard shrikes (D)
  A bone dragon (D)
  2 liches (D)
  5 deep elf blademasters (D)
  2 deep elf master archers (D)
  11 acid blobs (D)
  2 tentacled starspawn (D)
  A greater naga (D)
  4 azure jellies (D)
  2 fire giants (D)
  5 deep elf sorcerers (D)
  A ghoul (D)
  6 balrugs (D)
  6 vampire knights (D)
  6 reapers (D)
  A deep elf demonologist (D)
  4 deep elf annihilators (D)
  2 fire dragons (D)
  10 death oozes (D)
  3 great orbs of eyes (D)
  2 entropy weavers (D)
  11 deep elf high priests (D)
  2 hydras (D)
  A naga warrior (D)
  An ice dragon (D)
  A centaur warrior (D)
  A thrashing horror (D)
  4 hell hogs (D)
  A soul eater (D)
  An iron golem (D)
  3 vampire magi (D)
  4 large abominations (D)
  7 ice devils (D)
  14 skeletal warriors (D)
  3 deep elf knights (D)
  2 starcursed masses (D)
  3 deep elf summoners (D)
  A flayed ghost (D)
  4 shining eyes (D)
  6 deep elf conjurers (D)
  7 necromancers (D)
  2 hornets (D)
  An ugly thing (D)
  3 wolf spiders (D)
  2 spiny frogs (D)
  An orange demon (D)
  A naga mage (D)
  A guardian serpent (D)
  7 eyes of devastation (D)
  4 rust devils (D)
  2 smoke demons (D)
  7 black mambas (D)
  8 efreet (D)
  2 hellions (D)
  A kobold demonologist (D)
  9 tormentors (D)
  6 red devils (D)
  A deep elf priest (D)
  An ancient zyme (D)
  6 fire drakes (D)
  2 komodo dragons (D)
  A merfolk (D)
  9 freezing wraiths (D)
  A raiju (D)
  6 blue devils (D)
  4 fire vortices (D)
  20 slime creatures (D)
  2 jumping spiders (D)
  A blink frog (shapeshifter) (D)
  A boulder beetle (D)
  2 tarantellas (D)
  A redback (D)
  3 flying skulls (D)
  8 deep elf magi (D)
  11 shadows (D)
  3 hippogriffs (D)
  A trapdoor spider (D)
  4 air elementals (D)
  A vampire (D)
  5 wraiths (D)
  2 deep elf fighters (D)
  A basilisk (D)
  2 yaks (D)
  6 fire elementals (D)
  A steam dragon (D)
  2 neqoxecs (D)
  3 golden eyes (D)
  2 wolves (D)
  2 ynoxinuls (D)
  5 nagas (D)
  4 insubstantial wisps (D)
  A porcupine (shapeshifter) (D)
  7 water moccasins (D)
  9 hell hounds (D)
  2 wasps (D)
  A sky beast (D)
  A black bear (D)
  A swamp drake (shapeshifter) (D)
  5 necrophages (D)
  2 eyes of draining (D)
  3 ice beasts (D)
  A centaur (D)
  A phantom (D)
  3 crocodiles (D)
  An earth elemental (D)
  5 giant frogs (D)
  5 wights (D)
  A killer bee (D)
  8 jellies (D)
  3 orc wizards (D)
  4 orc priests (D)
  9 iron imps (D)
  2 iguanas (D)
  A quasit (D)
  A hell rat (D)
  2 sheep (D)
  A worker ant (D)
  4 small abominations (D)
  An adder (D)
  5 river rats (D)
  8 white imps (D)
  5 ufetubi (D)
  An ooze (D)
  14 adder zombies (D)
  11 adder skeletons (D)
  4 ball pythons (D)
  6 bat skeletons (D)
  13 bat zombies (D)
  3 ball python zombies (D)
  A giant cockroach zombie (D)
  7 giant gecko skeletons (D)
  8 giant gecko zombies (D)
  2 jackal skeletons (D)
  4 jackal zombies (D)
  6 quokka skeletons (D)
  4 quokka zombies (D)
  8 crawling corpses (D)
  3 fungi (D)
535 creatures vanquished.

Vanquished Creatures (others)
  A deep elf master archer (D)
  2 deep elf sorcerers (D)
  3 fire giants (D)
  A fire dragon (D)
  A hell hog (D)
  An eye of devastation (D)
  A wraith (D)
  A basilisk (D)
  A crocodile (D)
  An iguana (D)
  A giant eyeball (D)
  A crawling corpse (D)
  4 starspawn tentacles (D)
  72 starspawn tentacle segments (D)
91 creatures vanquished.

Grand Total: 626 creatures vanquished

Notes
Turn   | Place    | Note
--------------------------------------------------------------
     0 | D        | nuthulu the Minotaur Fighter began the quest for the Orb.
     0 | D        | Reached XP level 1. HP: 19/19 MP: 0/0
     0 | D        | Found a roughly hewn altar of Beogh.
     0 | D        | Found a corrupted altar of Lugonu.
     0 | D        | Found a viscous altar of Jiyva.
     0 | D        | Found a white marble altar of Elyvilon.
     0 | D        | Found a sparkling altar of Nemelex Xobeh.
     0 | D        | Found a burning altar of Makhleb.
     0 | D        | Found an iron altar of Okawaru.
     0 | D        | Found a deep blue altar of Sif Muna.
     0 | D        | Found a radiant altar of Vehumet.
     0 | D        | Found a bloodstained altar of Trog.
     0 | D        | Found a shimmering altar of Xom.
     6 | D        | Reached skill level 5 in Fighting
     6 | D        | Reached skill level 5 in Armour
     6 | D        | Reached skill level 5 in Shields
     6 | D        | Reached XP level 2. HP: 23/29 MP: 1/1
    76 | D        | Became a worshipper of Cheibriados the Contemplative
    86 | D        | Entered arena 1.
    86 | D        | Noticed a phantom
    94 | D        | Killed a phantom
    94 | D        | Acquired Cheibriados's first power
    94 | D        | Reached skill level 6 in Fighting
    94 | D        | Reached skill level 5 in Maces & Flails
    94 | D        | Reached XP level 3. HP: 35/38 MP: 2/2
    94 | D        | Reached XP level 4. HP: 41/45 MP: 3/3
   121 | D        | Entered arena 2.
   121 | D        | Noticed an orc priest
   121 | D        | Noticed an orc wizard
   121 | D        | Noticed an orc priest
   124 | D        | Killed an orc priest
   124 | D        | Reached skill level 7 in Fighting
   124 | D        | Killed an orc priest
   124 | D        | Reached XP level 5. HP: 49/52 MP: 4/4
   124 | D        | Killed an orc wizard
   134 | D        | Entered arena 3.
   134 | D        | Noticed an orc priest
   134 | D        | Noticed an orc priest
   134 | D        | Noticed an orc wizard
   134 | D        | Noticed an orc wizard
   137 | D        | Killed an orc priest
   137 | D        | Reached skill level 8 in Fighting
   137 | D        | Reached skill level 5 in Dodging
   137 | D        | Killed an orc priest
   137 | D        | Acquired Cheibriados's second power
   137 | D        | Killed an orc wizard
   139 | D        | Killed an orc wizard
   139 | D        | Reached skill level 9 in Shields
   139 | D        | Reached XP level 6. HP: 39/62 MP: 5/5
   144 | D        | Got the ring "Usac Vei" {rPois Str+9}
   251 | D        | Entered arena 4.
   251 | D        | Noticed a porcupine
   251 | D        | Noticed a blink frog
   251 | D        | Noticed a swamp drake
   251 | D        | Noticed a white ugly thing
   254 | D        | Killed a blink frog
   254 | D        | Acquired Cheibriados's third power
   255 | D        | Killed a swamp drake
   255 | D        | Reached skill level 10 in Fighting
   255 | D        | Reached skill level 10 in Shields
   255 | D        | Reached XP level 7. HP: 67/72 MP: 6/6
   255 | D        | Killed a white ugly thing
   255 | D        | Reached skill level 11 in Fighting
   255 | D        | Reached skill level 10 in Armour
   257 | D        | Killed a porcupine
   257 | D        | Reached XP level 8. HP: 74/82 MP: 7/7
   271 | D        | Gained mutation: Your flesh is cold resistant. [mutagenic meat]
   272 | D        | Gained mutation: You are weak. (Str -2) [mutagenic meat]
   273 | D        | Gained mutation: Your body sometimes deteriorates upon taking damage. [mutagenic meat]
   275 | D        | Gained mutation: You are surrounded by a mild repulsion field (EV +2). [mutagenic meat]
   280 | D        | Got the ring "Pozejuof" {rPois rF+ Int+2 SInv}
   369 | D        | Entered arena 5.
   369 | D        | Noticed a wolf
   369 | D        | Noticed a giant frog
   369 | D        | Noticed an iguana
   369 | D        | Noticed a giant frog
   370 | D        | Killed a giant frog
   370 | D        | Killed a wolf
   370 | D        | Acquired Cheibriados's fourth power
   370 | D        | Killed a giant frog
   372 | D        | Killed an iguana
   383 | D        | Entered arena 6.
   383 | D        | Noticed a hippogriff
   383 | D        | Noticed a centaur
   383 | D        | Noticed a merfolk
   383 | D        | Noticed a hippogriff
   383 | D        | Noticed a hippogriff
   387 | D        | Killed a hippogriff
   387 | D        | Reached skill level 12 in Fighting
   389 | D        | Killed a centaur
   390 | D        | Killed a hippogriff
   392 | D        | Killed a merfolk
   393 | D        | Killed a hippogriff
   393 | D        | Reached XP level 9. HP: 83/91 MP: 8/8
   398 | D        | Got the ring "Itorarph" {rPois Str+3}
   414 | D        | Entered arena 7.
   414 | D        | Noticed a deep elf mage
   414 | D        | Noticed a deep elf mage
   414 | D        | Noticed a deep elf sorcerer
   414 | D        | Noticed a deep elf mage
   416 | D        | Noticed a soul eater
   420 | D        | Noticed a rust devil
   422 | D        | Killed a deep elf mage
   422 | D        | Reached skill level 10 in Dodging
   422 | D        | Reached skill level 13 in Shields
   425 | D        | Killed a deep elf sorcerer
   425 | D        | Reached skill level 10 in Maces & Flails
   425 | D        | Reached skill level 14 in Shields
   425 | D        | Killed a deep elf mage
   426 | D        | Killed a deep elf mage
   486 | D        | Entered arena 8.
   486 | D        | Noticed a water moccasin
   486 | D        | Noticed a naga
   486 | D        | Noticed a water moccasin
   486 | D        | Noticed a naga
   486 | D        | Noticed a black mamba
   489 | D        | Killed a black mamba
   489 | D        | Reached skill level 15 in Shields
   489 | D        | Reached XP level 10. HP: 101/101 MP: 9/9
   490 | D        | Killed a water moccasin
   491 | D        | Killed a water moccasin
   492 | D        | Killed a naga
   493 | D        | Killed a naga
   508 | D        | Entered arena 9.
   508 | D        | Noticed an insubstantial wisp
   508 | D        | Noticed an insubstantial wisp
   508 | D        | Noticed an air elemental
   508 | D        | Noticed an insubstantial wisp
   508 | D        | Noticed an air elemental
   508 | D        | Noticed an air elemental
   508 | D        | Noticed an insubstantial wisp
   508 | D        | Noticed an air elemental
   511 | D        | Killed an air elemental
   517 | D        | Killed an insubstantial wisp
   517 | D        | Killed an air elemental
   517 | D        | Killed an air elemental
   517 | D        | Reached skill level 16 in Shields
   517 | D        | Killed an air elemental
   517 | D        | Killed an insubstantial wisp
   518 | D        | Killed an insubstantial wisp
   523 | D        | Killed an insubstantial wisp
   603 | D        | Entered arena 10.
   603 | D        | Noticed a hell hound
   603 | D        | Noticed a hell hound
   603 | D        | Noticed a fire elemental
   603 | D        | Noticed a hell hound
   603 | D        | Noticed a hell hog
   603 | D        | Noticed a hell hog
   603 | D        | Noticed a fire elemental
   603 | D        | Noticed a hell hound
   603 | D        | Noticed a hell hound
   605 | D        | Killed a hell hound
   605 | D        | Killed a hell hound
   605 | D        | Killed a fire elemental
   605 | D        | Reached skill level 1 in Invocations
   605 | D        | Killed a hell hound
   605 | D        | Killed a hell hound
   605 | D        | Killed a hell hound
   606 | D        | Killed a hell hog
   606 | D        | Reached skill level 17 in Shields
   607 | D        | Killed a hell hog
   607 | D        | Killed a fire elemental
   616 | D        | Got the ring of Lies {+Fly rC+ Int+4}
   640 | D        | Entered arena 11.
   640 | D        | Noticed a vampire knight
   641 | D        | Noticed a wight
   642 | D        | Noticed a shadow
   642 | D        | Noticed a skeletal warrior
   642 | D        | Noticed a necromancer
   642 | D        | Noticed a necromancer
   643 | D        | Killed a wight
   643 | D        | Killed a shadow
   645 | D        | Killed a vampire knight
   645 | D        | Reached skill level 18 in Shields
   645 | D        | Reached XP level 11. HP: 109/111 MP: 10/12
   651 | D        | Killed a necromancer
   652 | D        | Killed a skeletal warrior
   654 | D        | Killed a necromancer
   707 | D        | Entered arena 12.
   707 | D        | Noticed an iron golem
   707 | D        | Noticed a necrophage
   707 | D        | Noticed a wraith
   708 | D        | Noticed a shadow
   708 | D        | Noticed a hell hog
   708 | D        | Noticed a red devil
   717 | D        | Killed a necrophage
   719 | D        | Killed an iron golem
   719 | D        | Reached skill level 19 in Shields
   720 | D        | Killed a hell hog
   722 | D        | Killed a wraith
   724 | D        | Killed a shadow
   740 | D        | Killed a red devil
   750 | D        | Got the ring "Tositwy" {Wiz rF+ Stlth+}
   752 | D        | Got the amulet "Qunwottu" {+Inv Regen+ Str-5 Dex+8}
   780 | D        | Entered arena 13.
   781 | D        | Noticed a naga warrior
   781 | D        | Noticed a greater naga
   781 | D        | Noticed a naga
   781 | D        | Noticed a water moccasin
   782 | D        | Noticed a water moccasin
   782 | D        | Noticed a naga
   782 | D        | Noticed a naga
   782 | D        | Noticed a naga mage
   782 | D        | Noticed a black mamba
   785 | D        | Killed a water moccasin
   787 | D        | Killed a water moccasin
   789 | D        | Killed a black mamba
   793 | D        | Killed a naga
   796 | D        | Killed a greater naga
   796 | D        | Reached skill level 20 in Shields
   796 | D        | Reached skill level 5 in Invocations
   796 | D        | Killed a naga
   797 | D        | Killed a naga
   797 | D        | Reached skill level 15 in Fighting
   797 | D        | Killed a naga warrior
   797 | D        | Reached skill level 15 in Armour
   802 | D        | Killed a naga mage
   809 | D        | Got the ring "Giriol" {EV+1 Dex+4 Stlth+}
   859 | D        | Entered arena 14.
   860 | D        | Noticed a tarantella
   860 | D        | Noticed a hornet
   860 | D        | Noticed a wolf spider
   860 | D        | Noticed a wasp
   860 | D        | Noticed a wolf spider
   861 | D        | Noticed a hornet
   861 | D        | Noticed a redback
   861 | D        | Noticed a tarantella
   861 | D        | Noticed a trapdoor spider
   861 | D        | Noticed a wolf spider
   861 | D        | Noticed a jumping spider
   861 | D        | Noticed an entropy weaver
   862 | D        | Noticed an entropy weaver
   864 | D        | Killed a tarantella
   864 | D        | Killed a tarantella
   864 | D        | Killed a redback
   864 | D        | Killed a jumping spider
   864 | D        | Reached skill level 21 in Shields
   864 | D        | Reached XP level 12. HP: 119/119 MP: 15/15
   864 | D        | Killed a wasp
   864 | D        | Killed a hornet
   864 | D        | Killed a trapdoor spider
   864 | D        | Killed a hornet
   864 | D        | Killed a wolf spider
   865 | D        | Killed a wolf spider
   865 | D        | Reached skill level 15 in Dodging
   865 | D        | Killed a wolf spider
   873 | D        | Killed an entropy weaver
   874 | D        | Killed an entropy weaver
   908 | D        | Entered arena 15.
   909 | D        | Noticed a wight
   909 | D        | Noticed a necrophage
   909 | D        | Noticed a tormentor
   909 | D        | Noticed a flayed ghost
   910 | D        | Noticed a hellion
   910 | D        | Noticed a shadow
   910 | D        | Noticed a necrophage
   910 | D        | Noticed a wraith
   910 | D        | Noticed a red devil
   912 | D        | Killed a wight
   912 | D        | Reached skill level 22 in Shields
   912 | D        | Killed a shadow
   913 | D        | Killed a tormentor
   913 | D        | Killed a necrophage
   913 | D        | Killed a hellion
   913 | D        | Killed a red devil
   913 | D        | Killed a necrophage
   913 | D        | Killed a wraith
   913 | D        | Killed a flayed ghost
   925 | D        | Got the ring of the Elephant {-Tele rPois MR++ MP+9 Int+3}
  1042 | D        | Entered arena 16.
  1042 | D        | Noticed a wolf
  1044 | D        | Killed a wolf
  1046 | D        | Noticed a black mamba
  1046 | D        | Noticed a black mamba
  1046 | D        | Noticed a komodo dragon
  1046 | D        | Noticed a five-headed hydra
  1046 | D        | Noticed a black bear
  1046 | D        | Noticed a yak
  1046 | D        | Noticed a basilisk
  1046 | D        | Noticed an iguana
  1046 | D        | Noticed a boulder beetle
  1046 | D        | Noticed a komodo dragon
  1047 | D        | Noticed a crocodile
  1049 | D        | Noticed an iguana
  1049 | D        | Killed a black mamba
  1049 | D        | Killed a crocodile
  1050 | D        | Killed a komodo dragon
  1051 | D        | Killed a black mamba
  1051 | D        | Killed a black bear
  1051 | D        | Killed an iguana
  1052 | D        | Killed a basilisk
  1054 | D        | Killed a komodo dragon
  1055 | D        | Killed a five-headed hydra
  1055 | D        | Killed a yak
  1063 | D        | Killed an iguana
  1079 | D        | Killed a boulder beetle
  1097 | D        | Entered arena 17.
  1100 | D        | Noticed a jelly
  1100 | D        | Noticed a slime creature
  1100 | D        | Noticed a shining eye
  1100 | D        | Noticed a jelly
  1100 | D        | Noticed a jelly
  1100 | D        | Noticed a death ooze
  1100 | D        | Noticed a jelly
  1100 | D        | Noticed a jelly
  1102 | D        | Killed a jelly
  1102 | D        | Killed a jelly
  1102 | D        | Killed a jelly
  1102 | D        | Killed a jelly
  1103 | D        | Killed a death ooze
  1103 | D        | Reached skill level 23 in Shields
  1103 | D        | Killed a jelly
  1104 | D        | Noticed an eye of draining
  1104 | D        | Noticed a great orb of eyes
  1104 | D        | Noticed a jelly
  1104 | D        | Noticed a slime creature
  1104 | D        | Noticed a slime creature
  1104 | D        | Noticed a slime creature
  1104 | D        | Noticed a slime creature
  1104 | D        | Noticed an eye of devastation
  1104 | D        | Noticed a slime creature
  1105 | D        | Killed a jelly
  1106 | D        | Killed a slime creature
  1111 | D        | Killed a great orb of eyes
  1114 | D        | Killed an eye of devastation
  1114 | D        | Reached skill level 1 in Stealth
  1115 | D        | Killed a slime creature
  1116 | D        | Killed a slime creature
  1117 | D        | Killed a slime creature
  1117 | D        | Killed a slime creature
  1117 | D        | Killed a shining eye
  1118 | D        | Killed a slime creature
  1121 | D        | Killed an eye of draining
  1343 | D        | Entered arena 18.
  1346 | D        | Noticed an ice devil
  1346 | D        | Noticed a freezing wraith
  1346 | D        | Noticed a wraith
  1346 | D        | Noticed an ice beast
  1346 | D        | Noticed a shadow
  1346 | D        | Noticed an ice beast
  1347 | D        | Noticed a freezing wraith
  1347 | D        | Killed a shadow
  1347 | D        | Reached XP level 13. HP: 128/128 MP: 19/19
  1348 | D        | Noticed a blue devil
  1348 | D        | Noticed a skeletal warrior
  1348 | D        | Noticed a wight
  1348 | D        | Noticed an ice beast
  1349 | D        | Killed an ice beast
  1349 | D        | Killed an ice beast
  1349 | D        | Killed a wight
  1350 | D        | Killed a freezing wraith
  1350 | D        | Killed a freezing wraith
  1350 | D        | Killed an ice beast
  1350 | D        | Killed a blue devil
  1350 | D        | Killed a wraith
  1351 | D        | Killed an ice devil
  1351 | D        | Reached skill level 10 in Invocations
  1352 | D        | Noticed an ice dragon
  1354 | D        | Killed a skeletal warrior
  1367 | D        | Killed an ice dragon
  1399 | D        | Got the amulet "Otruc" {Spirit *Contam Str+3 Int+4 Stlth+}
  1557 | D        | Entered arena 19.
  1562 | D        | Noticed a crocodile
  1562 | D        | Noticed a steam dragon
  1562 | D        | Noticed a black mamba
  1562 | D        | Noticed a basilisk
  1562 | D        | Noticed a spiny frog
  1562 | D        | Noticed a giant frog
  1562 | D        | Noticed a black mamba
  1562 | D        | Noticed a black mamba
  1562 | D        | Noticed a water moccasin
  1563 | D        | Noticed a seven-headed hydra
  1563 | D        | Noticed a wasp
  1563 | D        | Noticed a water moccasin
  1563 | D        | Noticed a water moccasin
  1563 | D        | Noticed a spiny frog
  1563 | D        | Noticed a crocodile
  1563 | D        | Noticed a yak
  1563 | D        | Killed a black mamba
  1563 | D        | Killed a black mamba
  1563 | D        | Killed a black mamba
  1563 | D        | Killed a water moccasin
  1563 | D        | Killed a crocodile
  1563 | D        | Killed a giant frog
  1563 | D        | Killed a water moccasin
  1563 | D        | Killed a wasp
  1563 | D        | Killed a water moccasin
  1564 | D        | Noticed a giant frog
  1564 | D        | Noticed a crocodile
  1564 | D        | Noticed a giant frog
  1566 | D        | Killed a spiny frog
  1566 | D        | Killed a crocodile
  1567 | D        | Killed a giant frog
  1568 | D        | Killed a giant frog
  1568 | D        | Killed a spiny frog
  1568 | D        | Killed a basilisk
  1569 | D        | Killed a yak
  1569 | D        | Killed a seven-headed hydra
  1571 | D        | Killed a crocodile
  1571 | D        | Killed a steam dragon
  1661 | D        | Entered arena 20.
  1665 | D        | Noticed a hell hound
  1665 | D        | Noticed a reaper
  1665 | D        | Noticed a tormentor
  1665 | D        | Noticed an iron imp
  1666 | D        | Noticed a rust devil
  1666 | D        | Noticed an iron imp
  1666 | D        | Noticed a rust devil
  1666 | D        | Noticed a blue devil
  1666 | D        | Noticed a tormentor
  1666 | D        | Killed a hell hound
  1667 | D        | Killed a tormentor
  1667 | D        | Killed a tormentor
  1667 | D        | Killed a rust devil
  1667 | D        | Reached skill level 24 in Shields
  1667 | D        | Killed an iron imp
  1667 | D        | Identified a +3 rod of the swarm (9/14)
  1668 | D        | Noticed a rust devil
  1668 | D        | Noticed an iron imp
  1668 | D        | Noticed an iron imp
  1668 | D        | Killed a blue devil
  1668 | D        | Killed a rust devil
  1668 | D        | Killed an iron imp
  1669 | D        | Noticed a flying skull
  1669 | D        | Noticed an efreet
  1669 | D        | Killed a reaper
  1669 | D        | Reached skill level 15 in Maces & Flails
  1669 | D        | Killed an iron imp
  1669 | D        | Killed an iron imp
  1669 | D        | Killed a rust devil
  1669 | D        | Killed a flying skull
  1670 | D        | Noticed a red devil
  1671 | D        | Noticed an iron imp
  1671 | D        | Noticed a wraith
  1671 | D        | Noticed a wraith
  1672 | D        | Noticed a wraith
  1675 | D        | Killed an iron imp
  1678 | D        | Killed a wraith
  1681 | D        | Killed a red devil
  1681 | D        | Killed a wraith
  1682 | D        | Killed a wraith
  1683 | D        | Killed an efreet
  1798 | D        | Got the cursed +0 pair of boots of Gallantry {rPois rN+ Str+6 Stlth-}
  1828 | D        | Entered arena 21.
  1828 | D        | Noticed a raiju
  1833 | D        | Killed a raiju
  1835 | D        | Noticed an earth elemental
  1835 | D        | Noticed an ancient zyme
  1835 | D        | Noticed an orange demon
  1835 | D        | Noticed a shadow
  1835 | D        | Noticed a neqoxec
  1835 | D        | Noticed a thrashing horror
  1835 | D        | Noticed a large abomination
  1836 | D        | Noticed a flying skull
  1836 | D        | Noticed a ynoxinul
  1836 | D        | Noticed a tentacled starspawn
  1836 | D        | Noticed a tentacled starspawn
  1836 | D        | Killed a thrashing horror
  1836 | D        | Killed a flying skull
  1837 | D        | Noticed a guardian serpent
  1837 | D        | Noticed a starcursed mass
  1837 | D        | Noticed a large abomination
  1837 | D        | Killed a large abomination
  1837 | D        | Killed a shadow
  1837 | D        | Killed a ynoxinul
  1837 | D        | Killed a neqoxec
  1837 | D        | Killed a guardian serpent
  1838 | D        | Noticed a kobold demonologist
  1838 | D        | Noticed a sky beast
  1838 | D        | Killed an ancient zyme
  1838 | D        | Killed an orange demon
  1839 | D        | Noticed a ynoxinul
  1839 | D        | Noticed a quasit
  1839 | D        | Noticed a large abomination
  1839 | D        | Killed a large abomination
  1839 | D        | Killed a kobold demonologist
  1839 | D        | Killed a quasit
  1839 | D        | Killed a sky beast
  1840 | D        | Noticed a neqoxec
  1840 | D        | Killed a tentacled starspawn
  1840 | D        | Killed a tentacled starspawn
  1840 | D        | Killed a ynoxinul
  1841 | D        | Noticed a small abomination
  1841 | D        | Killed a neqoxec
  1842 | D        | Noticed a small abomination
  1843 | D        | Killed an earth elemental
  1845 | D        | Killed a starcursed mass
  1845 | D        | Reached skill level 15 in Invocations
  1847 | D        | Killed a large abomination
  1847 | D        | Killed a starcursed mass
  1847 | D        | Killed a small abomination
  1848 | D        | Killed a small abomination
  1856 | D        | Got the ring "Betashragg" {rPois MP+9 Str+3}
  1936 | D        | Entered arena 22.
  1943 | D        | Noticed a blue devil
  1943 | D        | Noticed a hellion
  1943 | D        | Noticed a reaper
  1943 | D        | Noticed a rust devil
  1943 | D        | Noticed a tormentor
  1943 | D        | Noticed a reaper
  1943 | D        | Noticed an iron imp
  1943 | D        | Noticed a red devil
  1944 | D        | Noticed an iron imp
  1944 | D        | Noticed a freezing wraith
  1944 | D        | Noticed a blue devil
  1944 | D        | Noticed a tormentor
  1944 | D        | Noticed an efreet
  1944 | D        | Noticed an iron imp
  1945 | D        | Noticed a tormentor
  1945 | D        | Killed a hellion
  1945 | D        | Reached XP level 14. HP: 140/140 MP: 24/24
  1945 | D        | Killed a tormentor
  1945 | D        | Killed a red devil
  1945 | D        | Killed a blue devil
  1945 | D        | Killed an iron imp
  1945 | D        | Killed an iron imp
  1945 | D        | Killed a tormentor
  1945 | D        | Killed an iron imp
  1946 | D        | Noticed an iron imp
  1946 | D        | Killed a blue devil
  1946 | D        | Killed a rust devil
  1946 | D        | Killed a freezing wraith
  1946 | D        | Killed an efreet
  1946 | D        | Killed a tormentor
  1947 | D        | Noticed a reaper
  1947 | D        | Noticed a skeletal warrior
  1947 | D        | Noticed an ice devil
  1947 | D        | Killed a reaper
  1947 | D        | Killed a reaper
  1948 | D        | Noticed a hell hound
  1948 | D        | Killed a hell hound
  1949 | D        | Noticed a red devil
  1949 | D        | Killed an ice devil
  1949 | D        | Killed an iron imp
  1951 | D        | Noticed a tormentor
  1952 | D        | Killed a reaper
  1952 | D        | Killed a skeletal warrior
  1958 | D        | Killed a tormentor
  1964 | D        | Killed a red devil
  2088 | D        | Entered arena 23.
  2088 | D        | Noticed a fire vortex
  2089 | D        | Noticed a fire vortex
  2090 | D        | Noticed a fire vortex
  2095 | D        | Noticed a fire drake
  2095 | D        | Noticed a fire giant
  2095 | D        | Noticed a fire drake
  2095 | D        | Noticed an efreet
  2095 | D        | Noticed a balrug
  2095 | D        | Noticed a hell hound
  2095 | D        | Noticed an efreet
  2095 | D        | Noticed a fire giant
  2095 | D        | Noticed a fire drake
  2095 | D        | Noticed a balrug
  2095 | D        | Noticed a fire giant
  2095 | D        | Noticed a balrug
  2095 | D        | Noticed a fire giant
  2096 | D        | Noticed a fire drake
  2096 | D        | Noticed an orb of fire
  2096 | D        | Noticed an efreet
  2096 | D        | Noticed an efreet
  2096 | D        | Noticed a fire elemental
  2096 | D        | Noticed a fire dragon
  2096 | D        | Noticed a fire drake
  2096 | D        | Noticed a balrug
  2096 | D        | Noticed a fire dragon
  2096 | D        | Killed a fire vortex
  2096 | D        | Killed a fire vortex
  2096 | D        | Killed a fire vortex
  2096 | D        | Killed a hell hound
  2096 | D        | Killed a fire drake
  2096 | D        | Killed a fire drake
  2097 | D        | Noticed a hell hog
  2097 | D        | Noticed a balrug
  2097 | D        | Killed an efreet
  2097 | D        | Killed a fire drake
  2097 | D        | Killed an efreet
  2097 | D        | Killed an efreet
  2097 | D        | Killed a fire elemental
  2097 | D        | Killed a fire drake
  2097 | D        | Killed a fire drake
  2097 | D        | Killed an efreet
  2098 | D        | Noticed a hell hound
  2098 | D        | Noticed a fire giant
  2098 | D        | Noticed a fire elemental
  2098 | D        | Noticed a fire elemental
  2098 | D        | Noticed an efreet
  2099 | D        | Noticed a balrug
  2099 | D        | Killed a balrug
  2099 | D        | Killed a balrug
  2099 | D        | Killed a hell hog
  2099 | D        | Killed a fire elemental
  2099 | D        | Killed a balrug
  2099 | D        | Killed a balrug
  2099 | D        | Killed a hell hound
  2100 | D        | Noticed a fire drake
  2100 | D        | Noticed a hell hog
  2102 | D        | Noticed a fire dragon
  2102 | D        | Killed a fire giant
  2103 | D        | Noticed an efreet
  2103 | D        | Noticed a fire elemental
  2104 | D        | Killed an orb of fire
  2104 | D        | Reached skill level 25 in Shields
  2104 | D        | Killed an efreet
  2104 | D        | Killed a balrug
  2104 | D        | Killed a fire elemental
  2104 | D        | Killed a fire elemental
  2104 | D        | Killed a hell hog
  2104 | D        | Killed a fire giant
  2106 | D        | Killed a fire dragon
  2107 | D        | Killed a fire dragon
  2107 | D        | Killed a fire drake
  2108 | D        | Killed a fire giant
  2108 | D        | Reached XP level 15. HP: 50/150 MP: 15/28
  2108 | D        | Killed a balrug
  2108 | D        | Killed a fire giant
  2108 | D        | Killed an efreet
  2108 | D        | Killed a fire giant
  2110 | D        | Noticed a fire vortex
  2114 | D        | Killed a fire dragon
  2120 | D        | Killed a fire vortex
  2136 | D        | Got a pair of spiked boots
  2137 | D        | Identified the +0 pair of boots of the Sea {MP+9} (You acquired it in the Dungeon)
  2154 | D        | Got the +1 pair of gloves of Weminn {rN+ rCorr Dex+4}
  2362 | D        | Entered arena 24.
  2362 | D        | Noticed a vampire knight
  2362 | D        | Noticed a vampire knight
  2362 | D        | Noticed a wight
  2362 | D        | Noticed a vampire knight
  2363 | D        | Noticed a necrophage
  2363 | D        | Noticed a vampire mage
  2373 | D        | Killed a vampire knight
  2374 | D        | Noticed a vampire mage
  2375 | D        | Killed a necrophage
  2376 | D        | Killed a wight
  2378 | D        | Killed a vampire knight
  2381 | D        | Killed a vampire knight
  2383 | D        | Noticed a vampire knight
  2386 | D        | Killed a vampire mage
  2389 | D        | Killed a vampire mage
  2395 | D        | Killed a vampire knight
  2395 | D        | Reached skill level 26 in Shields
  2396 | D        | Noticed a vampire mage
  2402 | D        | Noticed a vampire
  2404 | D        | Killed a vampire mage
  2412 | D        | Noticed a lich
  2412 | D        | Noticed a necromancer
  2412 | D        | Killed a vampire
  2413 | D        | Noticed a lich
  2414 | D        | Noticed a necromancer
  2414 | D        | Noticed a vampire knight
  2414 | D        | Noticed a shadow
  2414 | D        | Noticed a shadow
  2414 | D        | Noticed a shadow
  2415 | D        | Noticed a shadow
  2415 | D        | Noticed a skeletal warrior
  2415 | D        | Noticed a skeletal warrior
  2415 | D        | Noticed a necrophage
  2415 | D        | Killed a shadow
  2415 | D        | Killed a shadow
  2415 | D        | Killed a shadow
  2415 | D        | Killed a shadow
  2416 | D        | Noticed a shadow
  2416 | D        | Noticed a necromancer
  2416 | D        | Killed a necromancer
  2416 | D        | Killed a necromancer
  2416 | D        | Killed a necrophage
  2416 | D        | Noticed a necromancer
  2417 | D        | Noticed a wight
  2417 | D        | Killed a lich
  2417 | D        | Killed a vampire knight
  2417 | D        | Killed a necromancer
  2417 | D        | Killed a shadow
  2418 | D        | Noticed a skeletal warrior
  2418 | D        | Noticed a skeletal warrior
  2418 | D        | Killed a lich
  2418 | D        | Reached skill level 27 in Shields
  2418 | D        | Killed a skeletal warrior
  2418 | D        | Killed a skeletal warrior
  2418 | D        | Killed a necromancer
  2418 | D        | Killed a wight
  2419 | D        | Noticed a ghoul
  2419 | D        | Noticed a skeletal warrior
  2421 | D        | Noticed a necromancer
  2422 | D        | Noticed a shadow
  2424 | D        | Killed a skeletal warrior
  2424 | D        | Killed a skeletal warrior
  2427 | D        | Killed a skeletal warrior
  2431 | D        | Killed a necromancer
  2432 | D        | Killed a ghoul
  2439 | D        | Killed a shadow
  2459 | D        | Got the +2 cloak "Tuotau Feirgh" {rN+}
  2490 | D        | Got the cursed ring "Qeadeegg" {*Confuse rElec EV-2 Dex+4}
  2492 | D        | Entered arena 25.
  2501 | D        | Noticed a deep elf high priest
  2501 | D        | Noticed a deep elf annihilator
  2501 | D        | Noticed a deep elf mage
  2501 | D        | Noticed a deep elf sorcerer
  2501 | D        | Noticed a deep elf conjurer
  2501 | D        | Noticed a deep elf master archer
  2501 | D        | Noticed a deep elf blademaster
  2501 | D        | Noticed a deep elf annihilator
  2501 | D        | Noticed a deep elf annihilator
  2501 | D        | Noticed a deep elf high priest
  2501 | D        | Noticed a deep elf conjurer
  2501 | D        | Noticed a deep elf sorcerer
  2501 | D        | Noticed a deep elf summoner
  2501 | D        | Noticed a deep elf conjurer
  2502 | D        | Noticed a deep elf blademaster
  2502 | D        | Noticed a deep elf blademaster
  2502 | D        | Noticed a deep elf high priest
  2502 | D        | Noticed a deep elf sorcerer
  2502 | D        | Noticed a deep elf high priest
  2502 | D        | Noticed a deep elf blademaster
  2502 | D        | Noticed a deep elf annihilator
  2502 | D        | Noticed a deep elf high priest
  2502 | D        | Noticed a deep elf conjurer
  2502 | D        | Noticed a deep elf mage
  2503 | D        | Noticed a deep elf sorcerer
  2503 | D        | Noticed a deep elf high priest
  2503 | D        | Noticed a deep elf blademaster
  2503 | D        | Noticed a deep elf knight
  2503 | D        | Noticed a deep elf high priest
  2503 | D        | Noticed a deep elf high priest
  2503 | D        | Killed a deep elf high priest
  2503 | D        | Killed a deep elf conjurer
  2503 | D        | Killed a deep elf mage
  2503 | D        | Killed a deep elf conjurer
  2503 | D        | Killed a deep elf mage
  2503 | D        | Killed a deep elf master archer
  2503 | D        | Identified a +4 rod of shadows (6/11)
  2504 | D        | Noticed a deep elf master archer
  2504 | D        | Noticed a deep elf conjurer
  2504 | D        | Noticed a deep elf summoner
  2504 | D        | Noticed a deep elf priest
  2504 | D        | Noticed a deep elf demonologist
  2504 | D        | Killed a deep elf blademaster
  2504 | D        | Killed a deep elf blademaster
  2504 | D        | Killed a deep elf high priest
  2504 | D        | Killed a deep elf conjurer
  2504 | D        | Killed a deep elf blademaster
  2504 | D        | Killed a deep elf summoner
  2504 | D        | Killed a deep elf blademaster
  2504 | D        | Reached XP level 16. HP: 163/167 MP: 27/29
  2504 | D        | Killed a deep elf high priest
  2504 | D        | Killed a deep elf high priest
  2504 | D        | Noticed a deep elf fighter
  2504 | D        | Noticed a deep elf knight
  2504 | D        | Noticed a deep elf mage
  2504 | D        | Noticed a deep elf conjurer
  2505 | D        | Noticed a deep elf sorcerer
  2505 | D        | Noticed a deep elf high priest
  2505 | D        | Killed a deep elf annihilator
  2505 | D        | Killed a deep elf sorcerer
  2505 | D        | Killed a deep elf blademaster
  2505 | D        | Killed a deep elf sorcerer
  2505 | D        | Killed a deep elf conjurer
  2505 | D        | Killed a deep elf knight
  2505 | D        | Killed a deep elf annihilator
  2505 | D        | Killed a deep elf high priest
  2505 | D        | Killed a deep elf high priest
  2505 | D        | Killed a deep elf high priest
  2505 | D        | Killed a deep elf high priest
  2506 | D        | Noticed a deep elf high priest
  2506 | D        | Noticed a deep elf master archer
  2506 | D        | Noticed a deep elf knight
  2506 | D        | Killed a deep elf annihilator
  2506 | D        | Killed a deep elf sorcerer
  2506 | D        | Killed a deep elf conjurer
  2506 | D        | Killed a deep elf master archer
  2506 | D        | Killed a deep elf mage
  2506 | D        | Killed a deep elf fighter
  2506 | D        | Killed a deep elf summoner
  2507 | D        | Noticed a deep elf summoner
  2507 | D        | Killed a deep elf conjurer
  2507 | D        | Killed a deep elf high priest
  2507 | D        | Killed a deep elf knight
  2507 | D        | Killed a deep elf priest
  2507 | D        | Killed a deep elf demonologist
  2507 | D        | Killed a deep elf master archer
  2508 | D        | Noticed a deep elf sorcerer
  2508 | D        | Noticed a deep elf mage
  2508 | D        | Noticed a deep elf high priest
  2508 | D        | Noticed a deep elf fighter
  2509 | D        | Killed a deep elf summoner
  2509 | D        | Killed a deep elf knight
  2510 | D        | Killed a deep elf sorcerer
  2510 | D        | Killed a deep elf sorcerer
  2510 | D        | Identified a +4 rod of inaccuracy (7/10)
  2512 | D        | Killed a deep elf mage
  2512 | D        | Killed a deep elf fighter
  2512 | D        | Killed a deep elf high priest
  2513 | D        | Killed a deep elf annihilator
  2514 | D        | Killed a deep elf high priest
  2514 | D        | Killed a deep elf sorcerer
  2802 | D        | Entered arena 26.
  2810 | D        | Noticed a skeletal warrior
  2810 | D        | Noticed an ice devil
  2810 | D        | Noticed a skeletal warrior
  2811 | D        | Noticed a freezing wraith
  2811 | D        | Noticed a shard shrike
  2811 | D        | Noticed an ice devil
  2811 | D        | Noticed a flying skull
  2811 | D        | Noticed a freezing wraith
  2811 | D        | Noticed a freezing wraith
  2811 | D        | Noticed an ice devil
  2811 | D        | Noticed a tormentor
  2811 | D        | Noticed a skeletal warrior
  2812 | D        | Noticed an ice devil
  2812 | D        | Noticed a skeletal warrior
  2812 | D        | Noticed a reaper
  2812 | D        | Noticed a bone dragon
  2812 | D        | Killed a shard shrike
  2812 | D        | Killed a flying skull
  2814 | D        | Killed an ice devil
  2815 | D        | Noticed a tormentor
  2815 | D        | Noticed a freezing wraith
  2815 | D        | Noticed a blue devil
  2815 | D        | Killed a skeletal warrior
  2815 | D        | Killed a skeletal warrior
  2815 | D        | Killed an ice devil
  2815 | D        | Killed a freezing wraith
  2815 | D        | Killed a freezing wraith
  2815 | D        | Killed a freezing wraith
  2815 | D        | Killed a tormentor
  2816 | D        | Noticed a reaper
  2816 | D        | Noticed a skeletal warrior
  2817 | D        | Noticed a skeletal warrior
  2817 | D        | Noticed an ice devil
  2817 | D        | Killed an ice devil
  2817 | D        | Killed a skeletal warrior
  2817 | D        | Killed a skeletal warrior
  2817 | D        | Killed an ice devil
  2817 | D        | Killed a tormentor
  2817 | D        | Killed a reaper
  2818 | D        | Noticed a shard shrike
  2818 | D        | Killed a blue devil
  2818 | D        | Killed a freezing wraith
  2822 | D        | Noticed a freezing wraith
  2822 | D        | Killed a shard shrike
  2822 | D        | Reached XP level 17. HP: 179/183 MP: 15/30
  2825 | D        | Noticed a freezing wraith
  2826 | D        | Killed a bone dragon
  2828 | D        | Killed a skeletal warrior
  2829 | D        | Killed an ice devil
  2829 | D        | Killed a skeletal warrior
  2830 | D        | Killed a reaper
  2838 | D        | Killed a freezing wraith
  2848 | D        | Killed a freezing wraith
  2906 | D        | Entered arena 27.
  2915 | D        | Noticed an acid blob
  2916 | D        | Noticed an azure jelly
  2916 | D        | Noticed a golden eye
  2916 | D        | Noticed an eye of devastation
  2916 | D        | Noticed a jelly
  2916 | D        | Noticed a slime creature
  2916 | D        | Noticed an eye of devastation
  2916 | D        | Noticed a slime creature
  2917 | D        | Killed a golden eye
  2918 | D        | Killed a jelly
  2919 | D        | Noticed an azure jelly
  2919 | D        | Noticed a slime creature
  2919 | D        | Noticed a shining eye
  2919 | D        | Noticed an azure jelly
  2919 | D        | Noticed a shining eye
  2919 | D        | Noticed a jelly
  2919 | D        | Noticed an acid blob
  2919 | D        | Noticed an eye of devastation
  2919 | D        | Noticed an acid blob
  2919 | D        | Noticed a slime creature
  2919 | D        | Noticed a slime creature
  2919 | D        | Noticed a death ooze
  2919 | D        | Noticed a death ooze
  2919 | D        | Noticed a death ooze
  2919 | D        | Noticed a golden eye
  2920 | D        | Killed a slime creature
  2920 | D        | Killed a golden eye
  2920 | D        | Killed an acid blob
  2921 | D        | Killed a slime creature
  2921 | D        | Killed an azure jelly
  2921 | D        | Killed a death ooze
  2921 | D        | Killed a jelly
  2921 | D        | Killed a death ooze
  2921 | D        | Killed a death ooze
  2922 | D        | Noticed an acid blob
  2922 | D        | Noticed a death ooze
  2922 | D        | Noticed a slime creature
  2922 | D        | Noticed an eye of devastation
  2922 | D        | Noticed a shining eye
  2922 | D        | Noticed an azure jelly
  2922 | D        | Noticed a slime creature
  2922 | D        | Noticed a slime creature
  2922 | D        | Noticed an acid blob
  2922 | D        | Noticed an eye of devastation
  2922 | D        | Noticed an acid blob
  2922 | D        | Noticed a great orb of eyes
  2922 | D        | Noticed a slime creature
  2922 | D        | Noticed an acid blob
  2922 | D        | Noticed a death ooze
  2924 | D        | Noticed a death ooze
  2924 | D        | Noticed an acid blob
  2924 | D        | Noticed an eye of devastation
  2924 | D        | Killed an acid blob
  2924 | D        | Killed an azure jelly
  2925 | D        | Noticed a slime creature
  2925 | D        | Noticed a slime creature
  2925 | D        | Noticed an eye of devastation
  2925 | D        | Noticed a slime creature
  2925 | D        | Noticed a death ooze
  2925 | D        | Noticed a slime creature
  2925 | D        | Noticed a great orb of eyes
  2925 | D        | Noticed a slime creature
  2925 | D        | Noticed a slime creature
  2925 | D        | Noticed a death ooze
  2925 | D        | Noticed a slime creature
  2925 | D        | Noticed a slime creature
  2925 | D        | Noticed an acid blob
  2925 | D        | Killed a slime creature
  2925 | D        | Killed an acid blob
  2925 | D        | Killed a slime creature
  2925 | D        | Reached skill level 27 in Maces & Flails
  2925 | D        | Killed an azure jelly
  2925 | D        | Killed a death ooze
  2925 | D        | Killed a death ooze
  2925 | D        | Killed a death ooze
  2926 | D        | Noticed a golden eye
  2926 | D        | Noticed an eye of draining
  2926 | D        | Noticed a death ooze
  2926 | D        | Noticed a slime creature
  2926 | D        | Killed a slime creature
  2926 | D        | Killed a slime creature
  2926 | D        | Killed a slime creature
  2926 | D        | Killed a death ooze
  2926 | D        | Killed a death ooze
  2926 | D        | Killed a golden eye
  2927 | D        | Noticed an acid blob
  2929 | D        | Killed an acid blob
  2930 | D        | Killed an acid blob
  2930 | D        | Killed a shining eye
  2931 | D        | Killed a great orb of eyes
  2932 | D        | Noticed an acid blob
  2932 | D        | Killed an eye of devastation
  2933 | D        | Killed an acid blob
  2933 | D        | Killed a slime creature
  2935 | D        | Killed an azure jelly
  2935 | D        | Killed a great orb of eyes
  2935 | D        | Paralysed by a giant eyeball for 3 turns
  2941 | D        | Killed a death ooze
  2941 | D        | Killed an eye of devastation
  2941 | D        | Killed an acid blob
  2941 | D        | Killed an acid blob
  2941 | D        | Reached skill level 27 in Fighting
  2941 | D        | Killed a shining eye
  2942 | D        | Killed an acid blob
  2942 | D        | Killed a slime creature
  2942 | D        | Killed a slime creature
  2943 | D        | Killed a large slime creature
  2943 | D        | Killed an acid blob
  2943 | D        | Killed an acid blob
  2943 | D        | Reached skill level 27 in Armour
  2945 | D        | Killed an eye of devastation
  2946 | D        | Killed a slime creature
  2946 | D        | Killed a very large slime creature
  2947 | D        | Killed an eye of devastation
  2948 | D        | Paralysed by a giant eyeball for 4 turns
  2951 | D        | HP: 9/191 [disintegration (28)]
  2953 | D        | Killed a shining eye
  2954 | D        | Killed an eye of devastation
  2955 | D        | Killed a large slime creature
  2963 | D        | Killed an eye of devastation
  2964 | D        | Killed an eye of devastation
  2964 | D        | Reached skill level 27 in Dodging
  2968 | D        | Killed an eye of draining
  2976 | D        | Got a ring of the Octopus King {MP+9 AC+1 EV+1 Str+1 Int+1 Dex+1}
  3335 | D        | Got the Orb of Zot
  3340 | D        | Escaped with the Orb!

Vault maps used:
D:        sprint_v

Action                   |  1- 3 |  4- 6 |  7- 9 | 10-12 | 13-15 | 16-18 || total
-------------------------+-------+-------+-------+-------+-------+-------++-------
Melee: Shillelagh        |     6 |     8 |    29 |   123 |   114 |    65 ||   345
Invok: Slouch            |       |       |       |    10 |    34 |    21 ||    65
  Use: Potion            |     1 |       |       |       |     7 |     9 ||    17
       Scroll            |       |       |       |     1 |     8 |     2 ||    11
  Eat: Chunk             |       |       |     5 |       |     4 |       ||     9
       Meat ration       |       |       |       |     1 |       |       ||     1
       Royal jelly       |       |       |       |       |     3 |     3 ||     6
